 Dungeon Crawl Stone Soup version 0.31-a0-233-g139696dc86 (webtiles) character file.

Game seed: 6055783196060465445

564 qw the Shooter (level 7, -3/44 HPs)
             Began as a Gargoyle Hexslinger on July 7, 2023.
             Was an Initiate of Okawaru.
             Frozen to death by an endoplasm (5 damage)
             ... on level 4 of the Dungeon.
             The game lasted 00:01:26 (3463 turns).

qw the Shooter (Gargoyle Hexslinger)                Turns: 3463, Time: 00:01:26

Health: -3/44      AC: 13    Str: 11    XL:     7   Next: 32%
Magic:  8/8        EV: 15    Int: 14    God:    Okawaru [......]
Gold:   158        SH:  0    Dex: 14    Spells: 7/8 levels left

rFire   . . .        Y - +2 sling
rCold   . . .        (no shield)
rNeg    + . .        d - +0 ring mail
rPois   inf          f - +1 helmet
rElec   +            (no cloak)
rCorr   .            (no gloves)
SInv    +            j - +0 pair of boots
Will    .....        (no amulet)
Stlth   +            a - +5 ring of evasion
HPRegen 0.27/turn    c - ring of see invisible
MPRegen 0.11/turn

%: no passive effects
@: no status effects
A: sickness immunity, AC +4, negative energy resistance 1, electricity
resistance, torment resistance 1, petrification resistance
a: Renounce Religion


You were on level 4 of the Dungeon.
You worshipped Okawaru.
Okawaru was noncommittal.
You visited 2 branches of the dungeon, and saw 5 of its levels.

You collected 158 gold pieces.


Innate Abilities, Weirdness & Mutations

You are immune to sickness and miasma.
Your stone body is resilient. (AC +4)
You are immune to poison.
You resist negative energy. (rN+)
You are resistant to electric shocks. (rElec)
You are resistant to unholy torment.
You are immune to petrification.


   Skills:
 - Level 4.5 Fighting
 + Level 6.5 Ranged Weapons
 - Level 1.0 Armour
 - Level 1.5 Dodging
 - Level 1.0 Spellcasting
 - Level 2.6 Hexes


You had 7 spell levels left.
You knew the following spells:

 Your Spells              Type           Power      Damage    Failure   Level
a - Slow                  Hex            32%        N/A       21%         1

Your spell library contained the following spells:

 Spells                   Type           Power      Damage    Failure   Level
 Inner Flame              Hex/Fire       4%         N/A       71%         3
 Portal Projectile        Hex/Tloc       8%         N/A       71%         3
 Cause Fear               Hex            4%         N/A       90%         4

Inventory:

Hand Weapons
 Y - a +2 sling (weapon)
Armour
 d - a +0 ring mail (worn)
 f - a +1 helmet (worn)
 j - a +0 pair of boots (worn)
 k - a +0 pair of gloves
Jewellery
 a - a +5 ring of evasion (left hand)
 c - a ring of see invisible (right hand)
Scrolls
 h - a scroll of identify
 l - a scroll of summoning {unknown}
Potions
 b - a potion of enlightenment
 e - 2 potions of curing
 g - a potion of haste {unknown}
 i - a potion of might {unknown}

Dungeon Overview and Level Annotations

Branches:
Dungeon (4/15)             Temple (1/1) D:4

Altars:
Ashenzari
Cheibriados
Gozag
Kikubaaqudgha
Nemelex Xobeh
Okawaru
Qazlal
Trog
Vehumet
Wu Jian
Xom
Zin


Message History

The scorpion barely misses you. The endoplasm freezes you.
You are frozen.
The scorpion stings you but does no damage.
You shoot a sling bullet.
The sling bullet closely misses the scorpion.
The endoplasm closely misses you. The scorpion stings you.
You shoot a sling bullet. The sling bullet hits the scorpion.
The scorpion is moderately wounded.
The scorpion stings you but does no damage.
The endoplasm misses you.
The scorpion stings you but does no damage.
You shoot a sling bullet. The sling bullet hits the scorpion.
The scorpion is heavily wounded.
The endoplasm closely misses you. The scorpion stings you.
The endoplasm misses you.
You shoot a sling bullet.
The sling bullet closely misses the scorpion.
The scorpion stings you but does no damage.
The endoplasm freezes you.
You are frozen.
The scorpion stings you but does no damage.
You shoot a sling bullet. The sling bullet hits the scorpion!
The scorpion is almost dead.
The endoplasm barely misses you.
The scorpion stings you but does no damage.
You shoot a sling bullet. The sling bullet hits the scorpion.
You kill the scorpion!
Okawaru accepts your kill. The endoplasm hits you.
The giant cockroach misses you.
You shoot a sling bullet.
The sling bullet hits the giant cockroach but does no damage.
The endoplasm closely misses you. The giant cockroach closely misses you.
The endoplasm hits you.
You shoot a sling bullet.
The sling bullet barely misses the giant cockroach.
The giant cockroach misses you. The endoplasm freezes you.
You are frozen.
You die...

..<..#.#..##.##.........#
.....#.##......<........#
.....#.##.##.##.........#
##..#..##.#.............#
#...[###.#..##.........#
###...# #.....###########
....#####.###....#
####......# ####.#
##.####.# #@# ##..# #.#
#JBr..... #..## #.####
##....... ############.#
#...>.. .# ####### #.#
...... .####}.}####.#
...... ....'.>.'....#
..... #####}.}####.#
..... ####### #.#


You could see an endoplasm, a quokka and a giant cockroach.

Vanquished Creatures
  A black bear (D:4)
  3 scorpions
  A howler monkey (D:4)
  3 jellies
  An iguana (D:4)
  Robin (D:4)
  3 adders (D:2)
  5 worms
  2 dart slugs (D:3)
  5 orcs (D:3)
  4 ball pythons
  8 endoplasms
  3 giant cockroaches
  21 goblins
  9 hobgoblins
  A quokka (D:4)
  3 bats
  10 frilled lizards
  3 kobolds
  8 rats
95 creatures vanquished.

Notes
Turn   | Place    | Note
-------+----------+-------------------------------------------
     0 | D:1      | qw the Gargoyle Hexslinger began the quest for the Orb.
     0 | D:1      | Reached XP level 1. HP: 12/12 MP: 2/2
     0 | D:1      | 0 ||| qw: Version: 0.3-a-46-gb1f654a
     0 | D:1      | 0 ||| qw: Game counter: 3032
     0 | D:1      | 0 ||| qw: Melee chars always use a shield: true
     0 | D:1      | 0 ||| qw: God list: Okawaru
     0 | D:1      | 0 ||| qw: Allow faded altars: false
     0 | D:1      | 0 ||| qw: Do Orc after clearing Dungeon:15 true
     0 | D:1      | 0 ||| qw: Do second Lair branch before Depths: true
     0 | D:1      | 0 ||| qw: Lair rune preference: random
     0 | D:1      | 0 ||| qw: Goals: Normal
     0 | D:1      | 0 ||| PLANNING D:1-11
   127 | D:1      | Reached XP level 2. HP: 16/16 MP: 3/3
   190 | D:1      | Reached skill level 3 in Ranged Weapons
   265 | D:1      | Found a faded altar of an unknown god.
   458 | D:1      | Reached XP level 3. HP: 17/21 MP: 4/4
   723 | D:1      | 723 ||| UPGRADING to +0 ring mail.
   733 | D:1      | 733 ||| DROPPING +0 robe.
   734 | D:1      | 734 ||| UPGRADING to +0 pair of boots.
   739 | D:1      | 739 ||| READING scroll labelled PYTHAG SYXIRU.
   740 | D:1      | 740 ||| READING 3 scrolls labelled INAFFA BOAMPON.
   741 | D:1      | 741 ||| READING 2 scrolls of identify.
   741 | D:1      | 741 ||| IDENTIFYING sapphire potion
   742 | D:1      | 742 ||| DROPPING scroll of poison.
   761 | D:2      | Reached skill level 1 in Armour
   813 | D:2      | HP: 4/21 [worm (6)]
  1088 | D:2      | Reached XP level 4. HP: 12/26 MP: 5/5
  1536 | D:2      | 1536 ||| UPGRADING to +5 ring of evasion.
  1537 | D:2      | 1537 ||| UPGRADING to ring of see invisible.
  1538 | D:2      | 1538 ||| READING 3 scrolls labelled YMUER XUEGEFRO.
  1539 | D:2      | 1539 ||| READING 2 scrolls of identify.
  1539 | D:2      | 1539 ||| IDENTIFYING purple potion
  1540 | D:2      | 1540 ||| DROPPING 2 scrolls of amnesia.
  1541 | D:2      | 1541 ||| DROPPING potion of degeneration.
  1582 | D:3      | Reached skill level 4 in Ranged Weapons
  1807 | D:3      | Found a snail-covered altar of Cheibriados.
  1834 | D:3      | Reached XP level 5. HP: 30/30 MP: 6/6
  2137 | D:3      | Reached skill level 5 in Ranged Weapons
  2661 | D:3      | 2661 ||| DROPPING +6 ring of intelligence.
  2662 | D:3      | 2662 ||| READING scroll labelled WATI LUESSYVU.
  2663 | D:3      | 2663 ||| DRINKING 2 murky black potions.
  2704 | D:4      | Reached XP level 6. HP: 16/36 MP: 7/7
  2784 | D:4      | Noticed a black bear
  2795 | D:4      | HP: 8/36 [black bear (8)]
  2796 | D:4      | Killed a black bear
  2797 | D:4      | Reached skill level 3 in Fighting
  2910 | D:4      | Noticed Robin
  2937 | D:4      | Killed Robin
  2938 | D:4      | 2938 ||| FLEEEEING.
  2939 | D:4      | 2939 ||| FLEEEEING.
  2940 | D:4      | 2940 ||| STAIRDANCE
  3038 | D:4      | Found a staircase to the Ecumenical Temple.
  3039 | D:4      | 3039 ||| PLANNING TEMPLE
  3039 | D:4      | 3039 ||| UPGRADING to +1 helmet.
  3048 | Temple   | Entered the Ecumenical Temple
  3049 | Temple   | 3049 ||| PLANNING OKAWARU WORSHIP
  3245 | Temple   | Became a worshipper of Warmaster Okawaru
  3246 | Temple   | 3246 ||| PLANNING D:1-11
  3357 | D:4      | Reached skill level 6 in Ranged Weapons
  3443 | D:4      | Reached XP level 7. HP: 29/44 MP: 8/8
  3455 | D:4      | HP: 11/44 [frozen (1)]
  3459 | D:4      | HP: 4/44 [frozen (5)]
  3463 | D:4      | Frozen to death by an endoplasm

Levels and vault maps discovered:
D:1:      mainiacjoe_arrival_reflecting_pool, layout_loops_ring,
          nicolae_ecumenical_lake_church
D:2:      layout_loops_ring
D:3:      layout_loops_corners, slow_altar_2, minmay_lizard_king
D:4:      minmay_bubble_buster, layout_rooms, temple_doors_ab, uniq_robin
Temple:   chequers_temple_sunken

Skill      XL: |  1  2  3  4  5  6 |
---------------+-------------------+-----
Ranged Weapons | 3 4 5 6 |  6.5
Fighting       | 2 4 |  4.5
Armour         | 1 |  1.0
Dodging        | |  1.5
Spellcasting   | |  1.0
Hexes          | |  2.6

Action                     |  1- 3 |  4- 6 |  7- 9 || total
---------------------------+-------+-------+-------++-------
   Fire: Sling             |   122 |   226 |    21 ||   369
    Use: Scroll            |     3 |     3 |       ||     6
         Potion            |       |     1 |       ||     1
 Armour: Robe              |    15 |       |       ||    15
         Ring mail         |    22 |    69 |    13 ||   104
  Dodge: Dodged            |    41 |   149 |    25 ||   215

Table legend:
 A = Non-vault XP
 B = Vault XP
 C = Vault XP percentage of total XP
 D = Non-vault monster count
 E = Vault monster count
 F = Vault count percentage of total count
                 A         B        C        D         E       F
            +---------+---------+-------+---------+---------+-------
      Total |     758 |      48 |   6.0 |      75 |      20 |  21.1
            +---------+---------+-------+---------+---------+-------
        D:1 |      41 |       0 |   0.0 |      24 |       0 |   0.0
        D:2 |      66 |       0 |   0.0 |      16 |       0 |   0.0
        D:3 |     182 |      12 |   6.2 |      25 |       8 |  24.2
        D:4 |     469 |      36 |   7.1 |      10 |      12 |  54.5
            +---------+---------+-------+---------+---------+-------
